TOP OF THE 1ST |
Virginia Cavaliers batting - Pitching for Connecticut Huskies : RHP Artie Taylor
|
Pitching: RHP Artie Taylor
|
|
Batting: RHB Bartolo Reyes
|
0-0: Foul Ball, location: 2F 0-1: Ball 1-1: SINGLE (Flyball, 89S)
|
Batting: LHB Pablo Espinoza
|
0-0: Called Strike 0-1: Called Strike 0-2: Ball 1-2: Ball 2-2: Strikes out swinging
|
Batting: RHB Curt Owens
|
0-0: Ball 1-0: Called Strike 1-1: Ball 2-1: Ball 3-1: Base on Balls Bartolo Reyes to second
|
Batting: LHB Gabriel Aragón
|
0-0: Called Strike 0-1: Grounds into double play, 3-6-3 (Groundball, 3)
|
Top of the 1st over - 0 run(s), 1 hit(s), 0 error(s), 1 left on base; Virginia 0 - Connecticut 0 |
BOTTOM OF THE 1ST |
Connecticut Huskies batting - Pitching for Virginia Cavaliers : RHP Doug Spencer
|
Pitching: RHP Doug Spencer
|
|
Batting: RHB Jake Osborn
|
0-0: Foul Ball, location: 2F 0-1: Fly out, F8 (Flyball, 8LM)
|
Batting: RHB Eric Black
|
0-0: Called Strike 0-1: Ball 1-1: Called Strike 1-2: Ball 2-2: Ground out 6-3 (Groundball, 6S)
|
Batting: LHB Arthur MacDonald
|
0-0: Ball 1-0: SINGLE (Groundball, 4MD)
|
Batting: RHB Carlos Marino
|
0-0: Called Strike 0-1: SINGLE (Line Drive, 4D) Arthur MacDonald to second Runner from 2nd tries for 3rd, SAFE, no throw or cutoff
|
Batting: RHB Thomas Moore
|
0-0: Foul Ball, location: 2F 0-1: Fly out, F7 (Flyball, 78M)
|
Bottom of the 1st over - 0 run(s), 2 hit(s), 0 error(s), 2 left on base; Virginia 0 - Connecticut 0 |
TOP OF THE 2ND |
Virginia Cavaliers batting - Pitching for Connecticut Huskies : RHP Artie Taylor
|
Batting: SHB Walton Locke
|
0-0: Swinging Strike 0-1: Ground out 5-3 (Groundball, 56S)
|
Batting: RHB Mark Whiffen
|
0-0: Called Strike 0-1: Ball 1-1: Called Strike 1-2: Strikes out swinging
|
Batting: RHB Stan Taylor
|
0-0: Foul Ball, location: 2F 0-1: Ball 1-1: Fly out, F9 (Flyball, 89S)
|
Top of the 2nd over - 0 run(s), 0 hit(s), 0 error(s), 0 left on base; Virginia 0 - Connecticut 0 |
BOTTOM OF THE 2ND |
Connecticut Huskies batting - Pitching for Virginia Cavaliers : RHP Doug Spencer
|
Batting: SHB Dalton Rowe
|
0-0: Called Strike 0-1: Ball 1-1: Foul Ball, location: 2F 1-2: Foul Ball, location: 2F 1-2: Strikes out swinging
|
Batting: RHB Terry Dalton
|
0-0: Called Strike 0-1: Called Strike 0-2: Ball 1-2: Foul Ball, location: 2F 1-2: Ball 2-2: Foul Ball, location: 2F 2-2: Reached on error, E5 (Groundball, 5)
|
Batting: RHB Michael Cobb
|
0-0: Ball 1-0: Ball 2-0: DOUBLE (Line Drive, 8LD) Terry Dalton scores
|
Batting: RHB Ed Gaston
|
0-0: Ball 1-0: Called Strike 1-1: Ball 2-1: Foul Ball, location: 2F 2-2: Foul Ball, location: 2F 2-2: Foul Ball, location: 2F 2-2: Strikes out looking
|
Batting: RHB Jake Osborn
|
0-0: Foul Ball, location: 2F 0-1: Foul Ball, location: 2F 0-2: Strikes out swinging
|
Bottom of the 2nd over - 1 run(s), 1 hit(s), 1 error(s), 1 left on base; Virginia 0 - Connecticut 1 |
TOP OF THE 3RD |
Virginia Cavaliers batting - Pitching for Connecticut Huskies : RHP Artie Taylor
|
Batting: RHB David Rodríguez
|
0-0: Swinging Strike 0-1: Ball 1-1: Called Strike 1-2: Foul Ball, location: 2F 1-2: SINGLE (Line Drive, 6M)
|
Batting: RHB Bruce Kefer
|
0-0: Called Strike 0-1: Fly out, F9 (Flyball, 9LM)
|
Batting: RHB Bartolo Reyes
|
0-0: Ball 1-0: Ground out 5-3 (Groundball, 5S) David Rodríguez to second
|
Batting: LHB Pablo Espinoza
|
0-0: Called Strike 0-1: SINGLE (Groundball, 34D) David Rodríguez to third Runner from 3rd tries for Home, throw and OUT!
|
Top of the 3rd over - 0 run(s), 2 hit(s), 0 error(s), 1 left on base; Virginia 0 - Connecticut 1 |
BOTTOM OF THE 3RD |
Connecticut Huskies batting - Pitching for Virginia Cavaliers : RHP Doug Spencer
|
Batting: RHB Eric Black
|
0-0: Ball 1-0: Foul Ball, location: 2F 1-1: Ball 2-1: Foul Ball, location: 2F 2-2: Foul Ball, location: 2F 2-2: Strikes out swinging
|
Batting: LHB Arthur MacDonald
|
0-0: Ball 1-0: Fly out, F4 (Popup, 4D)
|
Batting: RHB Carlos Marino
|
0-0: Ball 1-0: Fly out, F4 (Popup, 4)
|
Bottom of the 3rd over - 0 run(s), 0 hit(s), 0 error(s), 0 left on base; Virginia 0 - Connecticut 1 |
TOP OF THE 4TH |
Virginia Cavaliers batting - Pitching for Connecticut Huskies : RHP Artie Taylor
|
Batting: RHB Curt Owens
|
0-0: Ball 1-0: Ball 2-0: Called Strike 2-1: DOUBLE (Flyball, 9D)
|
Batting: LHB Gabriel Aragón
|
0-0: Ball 1-0: Foul Ball, location: 2F 1-1: Ball 2-1: Fly out, F4 (Line Drive, 4)
|
Pitching: RHP Billy Jones
|
|
Batting: SHB Walton Locke
|
0-0: Ball 1-0: Ground out 6-3 (Groundball, 6)
|
Batting: RHB Mark Whiffen
|
0-0: Called Strike 0-1: Fly out, F6 (Popup, 6M)
|
Top of the 4th over - 0 run(s), 1 hit(s), 0 error(s), 1 left on base; Virginia 0 - Connecticut 1 |
BOTTOM OF THE 4TH |
Connecticut Huskies batting - Pitching for Virginia Cavaliers : RHP Doug Spencer
|
Batting: RHB Thomas Moore
|
0-0: Ball 1-0: Foul Ball, location: 2F 1-1: Foul Ball, location: 2F 1-2: Ball 2-2: Strikes out swinging
|
Batting: SHB Dalton Rowe
|
0-0: Ball 1-0: Ball 2-0: Foul Ball, location: 2F 2-1: Ball 3-1: Fly out, F8 (Line Drive, 8RM)
|
Batting: RHB Terry Dalton
|
0-0: Called Strike 0-1: Ball 1-1: Called Strike 1-2: SINGLE (Line Drive, 6MD)
|
Batting: RHB Michael Cobb
|
0-0: Called Strike 0-1: Ball 1-1: Called Strike 1-2: Ball 2-2: Ball 3-2: Foul Ball, location: 2F 3-2: Foul Ball, location: 2F 3-2: Fly out, F4 (Popup, 6MD)
|
Bottom of the 4th over - 0 run(s), 1 hit(s), 0 error(s), 1 left on base; Virginia 0 - Connecticut 1 |
TOP OF THE 5TH |
Virginia Cavaliers batting - Pitching for Connecticut Huskies : RHP Billy Jones
|
Batting: RHB Stan Taylor
|
0-0: Ball 1-0: DOUBLE (Line Drive, 5L)
|
Batting: RHB David Rodríguez
|
0-0: Foul Ball, location: 2F 0-1: Called Strike 0-2: Strikes out looking
|
Batting: RHB Bruce Kefer
|
0-0: Ball Passed Ball! Stan Taylor to third 1-0: Foul Ball, location: 2F 1-1: Foul Ball, location: 2F 1-2: Ball 2-2: Ball 3-2: Base on Balls
|
Batting: RHB Bartolo Reyes
|
0-0: Ball 1-0: Ball 2-0: Ball 3-0: Called Strike 3-1: Base on Balls Bruce Kefer to second
|
Batting: LHB Pablo Espinoza
|
0-0: Ball 1-0: Ball 2-0: Ball 3-0: Called Strike 3-1: Base on Balls Stan Taylor scores Bruce Kefer to third Bartolo Reyes to second
|
Batting: RHB Curt Owens
|
0-0: Called Strike 0-1: Ball 1-1: SINGLE (Line Drive, 89S) Bruce Kefer scores Bartolo Reyes to third Pablo Espinoza to second Runner from 3rd tries for Home, SAFE, no throw or cutoff
|
Batting: LHB Gabriel Aragón
|
0-0: Foul Ball, location: 2F 0-1: Ball 1-1: Foul Ball, location: 2F 1-2: Ball 2-2: Ball 3-2: Fly out, F1 (Popup, 25)
|
Batting: SHB Walton Locke
|
0-0: Called Strike 0-1: Ball 1-1: Called Strike 1-2: Strikes out looking
|
Top of the 5th over - 3 run(s), 2 hit(s), 0 error(s), 2 left on base; Virginia 3 - Connecticut 1 |
BOTTOM OF THE 5TH |
Connecticut Huskies batting - Pitching for Virginia Cavaliers : RHP Doug Spencer
|
Batting: RHB Ed Gaston
|
0-0: Ball 1-0: SINGLE (Line Drive, 56D)
|
Batting: RHB Jake Osborn
|
0-0: Fly out, F9 (Line Drive, 89M)
|
Batting: RHB Eric Black
|
0-0: Ball 1-0: Foul Ball, location: 2F 1-1: Foul Ball, location: 2F 1-2: Ball 2-2: Fly out, F7 (Flyball, 78M)
|
Batting: LHB Arthur MacDonald
|
0-0: Foul Ball, location: 2F 0-1: Ball 1-1: Called Strike 1-2: Ball 2-2: Fly out, F2 (Popup, 2RF)
|
Bottom of the 5th over - 0 run(s), 1 hit(s), 0 error(s), 1 left on base; Virginia 3 - Connecticut 1 |
TOP OF THE 6TH |
Virginia Cavaliers batting - Pitching for Connecticut Huskies : RHP Billy Jones
|
Pitching: RHP Paul Turner
|
|
Batting: RHB Mark Whiffen
|
0-0: Called Strike 0-1: Called Strike 0-2: Ball 1-2: SOLO HOME RUN (Line Drive, 78XD), Distance : 379 ft
|
Batting: RHB Stan Taylor
|
0-0: Ball 1-0: Ground out 6-3 (Groundball, 6)
|
Batting: RHB David Rodríguez
|
0-0: Ball 1-0: Ball 2-0: Ball 3-0: Foul Ball, location: 2F 3-1: DOUBLE (Line Drive, 78D)
|
Batting: RHB Bruce Kefer
|
0-0: Ball 1-0: Fly out, F5 (Line Drive, 5)
|
Batting: RHB Bartolo Reyes
|
0-0: Ball 1-0: Ground out 5-3 (Groundball, 56S)
|
Top of the 6th over - 1 run(s), 2 hit(s), 0 error(s), 1 left on base; Virginia 4 - Connecticut 1 |
BOTTOM OF THE 6TH |
Connecticut Huskies batting - Pitching for Virginia Cavaliers : RHP Doug Spencer
|
Pitching: RHP Mark Smiley
|
|
Batting: RHB Carlos Marino
|
0-0: Foul Ball, location: 2F 0-1: Ball 1-1: Called Strike 1-2: Ball 2-2: Fly out, F2 (Popup, 2LF)
|
Batting: RHB Thomas Moore
|
0-0: Ball 1-0: Foul Ball, location: 2F 1-1: SINGLE (Line Drive, 6M)
|
Batting: SHB Dalton Rowe
|
0-0: Grounds into double play, U4-3 (Groundball, 4)
|
Bottom of the 6th over - 0 run(s), 1 hit(s), 0 error(s), 0 left on base; Virginia 4 - Connecticut 1 |
TOP OF THE 7TH |
Virginia Cavaliers batting - Pitching for Connecticut Huskies : RHP Paul Turner
|
Batting: LHB Pablo Espinoza
|
0-0: SINGLE (Groundball, 4MD)
|
Batting: RHB Curt Owens
|
0-0: Foul Ball, location: 2F 0-1: Ball 1-1: Ball 2-1: Foul Ball, location: 2F 2-2: Foul Ball, location: 2F 2-2: Strikes out looking
|
Batting: LHB Gabriel Aragón
|
0-0: Ball 1-0: Ball 2-0: Ball 3-0: Called Strike 3-1: Base on Balls Pablo Espinoza to second
|
Batting: SHB Walton Locke
|
0-0: Called Strike 0-1: Ball 1-1: Ball 2-1: Called Strike 2-2: Foul Ball, location: 2F 2-2: SINGLE (Line Drive, 34) Pablo Espinoza to third Gabriel Aragón to second Runner from 3rd tries for Home, SAFE, throw made at trailing runner, SAFE at third!
|
Pitching: RHP Broderick Hallamore
|
|
Batting: RHB Mark Whiffen
|
0-0: Ball 1-0: Called Strike 1-1: Ball 2-1: Called Strike 2-2: Ball 3-2: Fly out, F3 (Popup, 3F)
|
Batting: RHB Stan Taylor
|
0-0: Ball 1-0: Ball 2-0: Ball 3-0: Base on Balls Walton Locke to second
|
Batting: RHB David Rodríguez
|
0-0: Ball 1-0: Ground out 4-3 (Groundball, 4D)
|
Top of the 7th over - 1 run(s), 2 hit(s), 0 error(s), 3 left on base; Virginia 5 - Connecticut 1 |
BOTTOM OF THE 7TH |
Connecticut Huskies batting - Pitching for Virginia Cavaliers : RHP Mark Smiley
|
Batting: RHB Terry Dalton
|
0-0: Ball 1-0: Foul Ball, location: 2F 1-1: Called Strike 1-2: Strikes out swinging
|
Batting: RHB Michael Cobb
|
0-0: Foul Ball, location: 2F 0-1: Called Strike 0-2: Foul Ball, location: 2F 0-2: SINGLE (Line Drive, 4MD)
|
Batting: RHB Ed Gaston
|
0-0: Ball 1-0: Ground out 5-3 (Groundball, 5S) Michael Cobb to second
|
Batting: RHB Jake Osborn
|
0-0: Fly out, F7 (Flyball, 78M)
|
Bottom of the 7th over - 0 run(s), 1 hit(s), 0 error(s), 1 left on base; Virginia 5 - Connecticut 1 |
TOP OF THE 8TH |
Virginia Cavaliers batting - Pitching for Connecticut Huskies : RHP Broderick Hallamore
|
Batting: RHB Bruce Kefer
|
0-0: Called Strike 0-1: Swinging Strike 0-2: Ball 1-2: Ball 2-2: Ball 3-2: Fly out, F5 (Line Drive, 5S)
|
Batting: RHB Bartolo Reyes
|
0-0: Ball 1-0: Called Strike 1-1: Called Strike 1-2: Ball 2-2: Foul Ball, location: 2F 2-2: Ball 3-2: Base on Balls
|
Batting: LHB Pablo Espinoza
|
0-0: Foul Ball, location: 2F 0-1: Foul Ball, location: 2F 0-2: Ball 1-2: Strikes out swinging
|
Batting: RHB Curt Owens
|
0-0: Called Strike 0-1: DOUBLE (Line Drive, 78M) Bartolo Reyes to third
|
Batting: LHB Gabriel Aragón
|
0-0: Ball 1-0: Ball 2-0: Called Strike 2-1: Foul Ball, location: 2F 2-2: SINGLE (Line Drive, 4MD) Bartolo Reyes scores Curt Owens to third Runner from 3rd tries for Home, SAFE, no throw or cutoff
|
Batting: SHB Walton Locke
|
0-0: Ball 1-0: Ball 2-0: Ball 3-0: Base on Balls Gabriel Aragón to second
|
Batting: RHB Mark Whiffen
|
0-0: Called Strike 0-1: Foul Ball, location: 2F 0-2: Ball 1-2: Strikes out swinging
|
Top of the 8th over - 2 run(s), 2 hit(s), 0 error(s), 2 left on base; Virginia 7 - Connecticut 1 |
BOTTOM OF THE 8TH |
Connecticut Huskies batting - Pitching for Virginia Cavaliers : RHP Mark Smiley
|
Pitching: LHP Bill Martin
|
|
Now at C: Pat McDonald
|
|
Batting: RHB Eric Black
|
0-0: Called Strike 0-1: Ball 1-1: Ball 2-1: Ball 3-1: Base on Balls
|
Batting: LHB Arthur MacDonald
|
0-0: Called Strike 0-1: Called Strike 0-2: Ball 1-2: Ball 2-2: Fly out, F6 (Popup, 56D)
|
Batting: RHB Carlos Marino
|
0-0: Ground out 4-3 (Groundball, 4M) Eric Black to second
|
Batting: RHB Thomas Moore
|
0-0: Called Strike 0-1: Ball 1-1: Ball 2-1: Ball 3-1: Base on Balls
|
Batting: SHB Dalton Rowe
|
0-0: Fly out, F9 (Popup, 34D)
|
Bottom of the 8th over - 0 run(s), 0 hit(s), 0 error(s), 2 left on base; Virginia 7 - Connecticut 1 |
TOP OF THE 9TH |
Virginia Cavaliers batting - Pitching for Connecticut Huskies : RHP Broderick Hallamore
|
Pitching: RHP Daniel Merrill
|
|
Batting: RHB Stan Taylor
|
0-0: Fly out, F8 (Flyball, 8LS)
|
Batting: RHB David Rodríguez
|
0-0: Foul Ball, location: 2F 0-1: Ground out 5-3 (Groundball, 56)
|
Batting: RHB Bruce Kefer
|
0-0: SINGLE (Line Drive, 78S)
|
Batting: RHB Bartolo Reyes
|
0-0: Called Strike 0-1: Ball 1-1: Ball 2-1: Ball 3-1: Called Strike 3-2: SINGLE (Groundball, 4MD) Bruce Kefer to second Bruce Kefer to third
|
Batting: LHB Pablo Espinoza
|
0-0: Ball 1-0: SINGLE (Flyball, 89S) Bruce Kefer scores Bartolo Reyes to second Runner from 2nd tries for 3rd, SAFE, throw made to third
|
Batting: RHB Pat McDonald
|
0-0: Called Strike 0-1: Ball 1-1: Ball 2-1: Ball 3-1: Base on Balls Pablo Espinoza to second
|
Batting: LHB Gabriel Aragón
|
0-0: Ball 1-0: Ball 2-0: Swinging Strike 2-1: Ball 3-1: Base on Balls Bartolo Reyes scores Pablo Espinoza to third Pat McDonald to second
|
Batting: SHB Walton Locke
|
0-0: Ball 1-0: Fly out, F6 (Popup, 56D)
|
Top of the 9th over - 2 run(s), 3 hit(s), 0 error(s), 3 left on base; Virginia 9 - Connecticut 1 |
BOTTOM OF THE 9TH |
Connecticut Huskies batting - Pitching for Virginia Cavaliers : LHP Bill Martin
|
Now in CF: Jonathan Reynolds
|
|
Batting: RHB Terry Dalton
|
0-0: Foul Ball, location: 2F 0-1: SOLO HOME RUN (Flyball, 7LD), Distance : 328 ft
|
Batting: RHB Michael Cobb
|
0-0: Swinging Strike 0-1: Ball 1-1: Foul Ball, location: 2F 1-2: Ball 2-2: Foul Ball, location: 2F 2-2: Strikes out looking
|
Batting: RHB Ed Gaston
|
0-0: Called Strike 0-1: Bunt for hit - play at first, batter safe!
|
Batting: RHB Jake Osborn
|
0-0: Foul Ball, location: 2F 0-1: Swinging Strike 0-2: Ball 1-2: Foul Ball, location: 2F 1-2: Strikes out looking
|
Batting: RHB Eric Black
|
0-0: Ball 1-0: Called Strike 1-1: Fly out, F8 (Flyball, 8RM)
|
Bottom of the 9th over - 1 run(s), 2 hit(s), 0 error(s), 1 left on base; Virginia 9 - Connecticut 2 |
|